 Dungeon Crawl Stone Soup version 0.30-a0-883-g5ad918d77d (webtiles) character file.

Game seed: 2459332671006573599

8 lunkers the Digger (level 2, 0/20 HPs)
             Began as a Meteoran Earth Elementalist on Mar 17, 2023.
             Slain by a ball python (2 damage)
             ... on level 1 of the Dungeon.
             The game lasted 00:00:51 (136 turns).

lunkers the Digger (Meteoran Earth Elementalist)     Turns: 136, Time: 00:00:51

Health: 0/20       AC:  2    Str:  9    XL:     2   Next: 29%
Magic:  0/7        EV: 12    Int: 16    God:
Gold:   43         SH:  0    Dex: 14    Spells: 6/7 levels left

rFire   . . .      SeeInvis .    (no weapon)
rCold   . . .      Faith    .    (no shield)
rNeg    . . .      Spirit   .    a - +0 robe
rPois   .          Reflect  .    (no helmet)
rElec   .          Rampage  .    (no cloak)
rCorr   .                        (no gloves)
Will    .....                    (no boots)
Stlth   +                        (no amulet)
HPRegen 0.23/turn                (no ring)
MPRegen 0.10/turn                (no ring)

@: glowing
A: sense surroundings 1, otherworldly, glowing, explore regen
a: no special abilities


You were on level 1 of the Dungeon.
You visited 1 branch of the dungeon, and saw 1 of its levels.

You collected 43 gold pieces.

Inventory:

Armour
 a - a +0 robe (worn)
Potions
 b - a potion of magic
 c - a potion of haste {unknown}
 d - a potion of lignification {unknown}


   Skills:
 - Level 2.4 Dodging
 - Level 1.4 Stealth
 + Level 3.0 Spellcasting
 - Level 1.2 Transmutations
 * Level 4.1 Earth Magic


You had 6 spell levels left.
You knew the following spells:

 Your Spells              Type           Power      Damage    Failure   Level
a - Sandblast             Erth           30%        2d9       3%          1

Your spell library contained the following spells:

 Spells                   Type           Power      Damage    Failure   Level
 Passwall                 Tmut/Erth      9%         N/A       10%         2
 Stone Arrow              Conj/Erth      18%        3d8       24%         3
 Petrify                  Tmut/Erth      11%        N/A       52%         4


Dungeon Overview and Level Annotations

Branches:
Dungeon (1/15) Zot: 457

Altars:


Innate Abilities, Weirdness & Mutations

You passively map a small area around you.
You are easily found by Zot.
You glow in the dark.
You regain HP and MP as you explore.


Message History

Aim: a hobgoblin (82% to hit)
The blast of sand misses the hobgoblin.
* * * LOW MAGIC WARNING * * *
The hobgoblin closely misses you. The hobgoblin hits you.
* * * LOW HITPOINT WARNING * * *
A ball python comes into view.
Aiming: Sandblast (safe; 3% risk of failure)
Press: ? - help, Q - select action Shift-Dir - straight line, f/p - hobgoblin
Aim: a hobgoblin (82% to hit)
The blast of sand hits the hobgoblin.
The hobgoblin is almost dead.
* * * LOW MAGIC WARNING * * *
The hobgoblin barely misses you.
You hit the hobgoblin but do no damage.
The hobgoblin is almost dead.
The ball python bites you.
* * * LOW HITPOINT WARNING * * *
The ball python closely misses you. The hobgoblin misses you.
Aiming: Sandblast (safe; 3% risk of failure)
Press: ? - help, Q - select action Shift-Dir - straight line, f/p - hobgoblin
Aim: a hobgoblin (almost dead, 82% to hit)
The blast of sand hits the hobgoblin.
You kill the hobgoblin!
* * * LOW MAGIC WARNING * * *
The ball python closely misses you. x2; The ball python bites you.
* * * LOW HITPOINT WARNING * * *
The ball python grabs you. The ball python constricts you.
* * * LOW HITPOINT WARNING * * *
You escape the ball python's grasp.
The ball python bites you but does no damage.
The ball python misses you.
You see here a hobgoblin corpse.
The ball python attacks as you move away!
The ball python bites you.
* * * LOW HITPOINT WARNING * * *
Things that are here:
an amulet of reflection; 15 gold pieces The ball python attacks as you move away!
The ball python bites you.
You die...

#...........g.g)......
#.......(.#######.....
###.......#.......#
,...
#.........g....#### g
* #.........###### *
##...##.### *
###..#..# * * *
##.#..## * , ,.##
#..@..### *
...###S)...## ,* *..
#"#.#..# ,####
#.#†#.##.#### .##.#
#.....).....###.#...
#............#..#...
#..........)....#.<(
#................#...
............†.##..#...


You could see a ball python.

Vanquished Creatures
  A bat (D:1)
  A goblin (D:1)
  2 hobgoblins (D:1)
  A quokka (D:1)
  A ball python (D:1)
  A kobold (D:1)
7 creatures vanquished.

Notes
Turn   | Place    | Note
-------+----------+-------------------------------------------
     0 | D:1      | lunkers the Meteoran Earth Elementalist began the quest for
                  | the Orb.
     0 | D:1      | Reached XP level 1. HP: 14/14 MP: 5/5
    78 | D:1      | Reached XP level 2. HP: 20/20 MP: 1/6
    79 | D:1      | Reached skill level 4 in Earth Magic
   133 | D:1      | HP: 1/20 [ball python (1)]
   136 | D:1      | Slain by a ball python

Illustrated notes

Levels and vault maps discovered:
D:1:      minmay_arrival_shattered_statue, layout_rooms

Skill      XL: |  1  2 |
---------------+-------+-----
Earth Magic    | 4 |  4.1
Spellcasting   | 3 |  3.0
Dodging        | |  2.4
Stealth        | |  1.4
Transmutations | |  1.2

Action                     || total
---------------------------++-------
  Melee: Unarmed           ||    24
   Cast: Sandblast         ||    14
 Armour: Robe              ||     4
  Dodge: Dodged            ||    27

Table legend: (Time is in decaauts)
 A = Elapsed time spent in this place.
 B = Non-inter-level travel time spent in this place.
 C = Inter-level travel time spent in this place.
 D = Time resting spent in this place.
 E = Time spent auto-exploring this place.
 F = Levels seen in this place.
 G = Mean time per level.
                   A        B        C        D        E       F      G
               +--------+--------+--------+--------+--------+-----+--------+
         Total |    143 |    143 |      0 |      0 |     57 |   1 |  143.0 |
       Dungeon |    143 |    143 |      0 |      0 |     57 |   1 |  143.0 |
               +--------+--------+--------+--------+--------+-----+--------+

Top non-repeatable levels by time:
     D:1: 143 daAuts
